 Dungeon Crawl Stone Soup version 0.28.0-47-ge53b351184 (webtiles) character file.

Game seed: 14519050777345044549

4 101zpm the Magician (level 1, -6/15 HPs)
             Began as a Djinni Ice Elementalist on Apr 26, 2022.
             Mangled by a worm (9 damage)
             ... on level 2 of the Dungeon.
             The game lasted 00:00:28 (281 turns).

101zpm the Magician (Djinni Ice Elementalist)        Turns: 281, Time: 00:00:29

Health: -6/15      AC:  2    Str:  7    XL:     1   Next: 66%
Gold:   19         EV: 12    Int: 16    God:
                   SH:  0    Dex: 13

rFire   + + .      SeeInvis .   (no weapon)
rCold   x . .      Faith    .   (no shield)
rNeg    . . .      Spirit   .   a - +0 robe
rPois   ∞          Reflect  .   (no helmet)
rElec   .          Harm     .   (no cloak)
rCorr   .          Rampage  .   (no gloves)
Will    .....                   (boots unavailable)
Stlth   ++........              (no amulet)
HPRegen 0.05/turn               (no ring)
MPRegen 0.00/turn               (no ring)

@: flying
A: sickness immunity, fire resistance 2, cold vulnerability 1, float, innate
caster, HP casting, extra vitality 1
a: no special abilities


You were on level 2 of the Dungeon.
You visited 1 branch of the dungeon, and saw 2 of its levels.

You collected 19 gold pieces.

Inventory:

Armour
 a - a +0 robe (worn)
Wands
 b - a wand of paralysis (3)


   Skills:
 + Level 2.1 Dodging
 + Level 1.5 Stealth
 + Level 3.4 Spellcasting


You couldn't memorise any spells.
You knew the following spells:

 Your Spells              Type           Power      Damage    Failure   Level
a - Freeze                Ice            52%        1d7       4%          1
b - Frozen Ramparts       Ice            26%        1d4       13%         3
c - Ozocubu's Armour      Ice            13%        N/A       13%         3
d - Hailstorm             Conj/Ice       13%        3d5       41%         4
Your spell library was empty.

Dungeon Overview and Level Annotations

Branches:
Dungeon (2/15)

Altars:
Wu Jian


Innate Abilities, Weirdness & Mutations

You are immune to sickness and miasma.
You are immune to poison.
Your flesh is very heat resistant. (rF++)
You are vulnerable to cold. (rC-)
You float through the air rather than walking.
You learn spells naturally, not from books.
Your magical power is your life essence.
You have superior vitality. (+4 MHP)


Message History

The giant cockroach is almost dead.
The giant cockroach bites you.
You freeze the giant cockroach.
You kill the giant cockroach!
You now have 19 gold pieces (gained 9).
A kobold comes into view. It is wielding a +0 dagger.
The kobold shouts!
You miscast Freeze.
You are very lightly contaminated with residual magic.
Nothing appears to happen.
The kobold hits you with a +0 dagger.
You freeze the kobold.
You kill the kobold!
Your magical contamination has completely faded away.
You see here a +0 dagger.
Found an ornate altar of the Wu Jian Council.
No target in view!
Found a dagger.
Found a stone staircase leading down.
b - a wand of paralysis (3)
A worm comes into view.
The worm bites you!
Ouch! That really hurt!
* * * LOW HITPOINT WARNING * * *
You are too injured to fight recklessly!
You are too injured to fight recklessly!
Aiming: Freeze (safe; 4% risk of failure)
Press: ? - help, Q - select action, (/) - cycle Shift-Dir - straight line, f - worm
Aim: a worm You freeze the worm.
The worm is moderately wounded.
* * * LOW HITPOINT WARNING * * *
Aiming: Freeze (safe; 4% risk of failure)
Press: ? - help, Q - select action, (/) - cycle Shift-Dir - straight line, f/p - worm
Aim: a worm (moderately wounded)
You freeze the worm.
The worm is heavily wounded.
* * * LOW HITPOINT WARNING * * *
The worm bites you!
Ouch! That really hurt!
You die...

##.# #..# #..+ #..#
#.##### #..#######.
#....>###..........
# #.....#.##.###..#
#.#####........#
#.# ####@##### #.#
#w# #.# #.# #.# #.#
#.# #.# #######.#
#.# #.......# #.#
#).....## #.#
#..._..#


You could see a worm.

Vanquished Creatures
  An endoplasm (D:2)
  A giant cockroach (D:2)
  A frilled lizard (D:2)
  A kobold (D:2)
4 creatures vanquished.

Notes
Turn   | Place    | Note
-------+----------+-------------------------------------------
     0 | D:1      | 101zpm the Djinni Ice Elementalist began the quest for the
                  | Orb.
     0 | D:1      | Reached XP level 1. HP: 15/15 MP: 0/0
   246 | D:2      | Found an ornate altar of the Wu Jian Council.
   281 | D:2      | Mangled by a worm

Illustrated notes

Levels and vault maps discovered:
D:1:      sevenhm_arrival_forest_fort_small_3, layout_basic,
          shapermc_ecumenical_altar_starsandcircs, minmay_tetromino_i4
D:2:      layout_loops_ring, basic_altar, nrook_mini_vaults,
          uniq_crazy_yiuf_cottage, uniq_terence

Action                   || total
-------------------------++-------
 Cast: Freeze            ||     8
Armor: Robe              ||     1
Dodge: Dodged            ||     2
